 Dungeon Crawl Stone Soup version 0.24-a0-275-g6f7e2cb (console) character file.

Game seed: 1258973590699607932

203 bli the Slasher (level 5, -5/45 HPs)
             Began as a Draconian Monk on Apr 28, 2019.
             Was a Believer of Wu Jian.
             Slain by an ogre
             ... wielding a +0 giant club
              (25 damage)
             ... on level 3 of the Dungeon.
             The game lasted 00:07:22 (2613 turns).

bli the Slasher (Draconian Monk)                    Turns: 2613, Time: 00:07:23

Health: -5/45      AC:  7    Str: 16    XL:     5   Next: 51%
Magic:  5/5        EV: 14    Int: 13    God:    Wu Jian [**....]
Gold:   131        SH:  0    Dex: 14    Spells: 4/4 levels left

rFire    . . .     SeeInvis .   a - +0 falchion
rCold    . . .     Gourm    .   (no shield)
rNeg     . . .     Faith    .   (armour unavailable)
rPois    .         Spirit   .   (helmet restricted)
rElec    .         Reflect  .   m - +0 cloak
rCorr    .         Harm     +   (no gloves)
MR       .....                  j - +0 pair of boots (curse)
Stlth    ++........             h - amulet of harm
HPRegen  0.15/turn              n - +2 ring of intelligence
MPRegen  0.09/turn              o - +3 ring of strength

@: no status effects
A: unfitting armour, cold-blooded, AC +5
a: Wall Jump, Renounce Religion


You were on level 3 of the Dungeon.
You worshipped Wu Jian.
Wu Jian was pleased with you.
You were not hungry.

You visited 1 branch of the dungeon, and saw 3 of its levels.

You collected 131 gold pieces.

Inventory:

Hand Weapons
 a - a +0 falchion (weapon)
 p - a +4 dagger
Missiles
 g - 55 stones (quivered)
 k - 6 poisoned needles
Armour
 j - a cursed +0 pair of boots (worn)
 m - a +0 cloak (worn)
Jewellery
 h - an amulet of harm (around neck)
 n - a +2 ring of intelligence (left hand)
 o - a +3 ring of strength (right hand)
Wands
 q - a wand of polymorph (4)
Scrolls
 c - 2 scrolls of remove curse {unknown}
 e - a scroll of enchant armour {unknown}
 i - a scroll of teleportation {unknown}
Potions
 d - 2 potions of brilliance
 f - a potion of cancellation {unknown}
 l - 3 potions of curing
 r - a potion of might {unknown}
 t - a potion of degeneration {unknown}
Comestibles
 b - 4 rations
 s - 4 chunks of flesh


   Skills:
 + Level 3.6 Fighting
 + Level 4.9 Long Blades
 * Level 3.9 Dodging
 + Level 2.3 Stealth


You had 4 spell levels left.
You didn't know any spells.
Your spell library was empty.

Dungeon Overview and Level Annotations

Branches:
Dungeon (3/15)

Altars:
Kikubaaqudgha
Qazlal
Wu Jian


Innate Abilities, Weirdness & Mutations

Your plain brown scales are hard. (AC +5)
You cannot fit into any form of body armour.
You are cold-blooded and may be slowed by cold attacks.


Message History

The ogre is moderately wounded.
The ogre hits you with a +0 giant club!!
Ouch! That really hurt!
You hit the ogre but do no damage.
The ogre is moderately wounded.
The ogre closely misses you.
You closely miss the ogre.
The ogre is moderately wounded.
The ogre misses you.
You riposte.
You hit the ogre but do no damage.
The ogre is moderately wounded.
You closely miss the ogre.
Your tail-slap misses the ogre.
The ogre is moderately wounded.
The ogre misses you.
You hit the ogre but do no damage.
The ogre is moderately wounded.
You barely miss the ogre.
The ogre is moderately wounded.
The ogre hits you with a +0 giant club!!
Ouch! That really hurt!
You die...

...### ###############.# ........
................. .....###
######.######### ..##.#
####.######### .....#
#............. ######
######.##.########.
#...##..........##. #
#.%.#####.#.###.... ###
gg.#####.########. ..#########
#O##.............. P.....[...#
#@##.##...#######. .P........#
#..#.##...# #. ..........#
##..<##...## #.
..P.......#######...##<...# #.
..PP......)...##....##....# ####.
.##......)###.##..........###.##.
..#...###...#.##.....##.#.#....#.
###...# #.#.#........#....#.#.##.
......###+#.....#...##..###.#..'.
...........####.#....#......####.
...################..#.).....# #.


You could see an ogre and 2 goblins.

Vanquished Creatures
  An orc priest (D:3)
  An orc wizard (D:3)
  Terence (D:2)
  5 adders
  A worm (D:2)
  A dart slug (D:1)
  3 leopard geckos
  4 orcs (D:3)
  2 ball pythons
  3 giant cockroaches
  9 goblins
  9 hobgoblins
  7 jackals
  7 kobolds
  3 bats
  2 frilled lizards
  A quokka skeleton (D:3)
  4 rats (D:1)
64 creatures vanquished.

Notes
Turn   | Place    | Note
-------+----------+-------------------------------------------
     0 | D:1      | bli the Draconian Monk began the quest for the Orb.
     0 | D:1      | Reached XP level 1. HP: 19/19 MP: 1/1
   119 | D:1      | Reached XP level 2. HP: 12/26 MP: 2/2
   565 | D:1      | Reached XP level 3. HP: 31/31 MP: 3/3
  1045 | D:2      | Reached skill level 4 in Long Blades
  1187 | D:2      | Noticed Terence
  1219 | D:2      | Killed Terence
  1219 | D:2      | Reached XP level 4. HP: 16/38 MP: 4/4
  1316 | D:2      | Found an ornate altar of the Wu Jian Council.
  1403 | D:2      | Became a worshipper of the Wu Jian Council
  1403 | D:2      | Reached * piety under Wu Jian
  1403 | D:2      | Reached ** piety under Wu Jian
  1898 | D:3      | Found an ancient bone altar of Kikubaaqudgha.
  1955 | D:3      | Reached XP level 5. HP: 21/45 MP: 5/5
  2165 | D:3      | HP: 1/45 [adder (3)]
  2560 | D:3      | Found a stormy altar of Qazlal.
  2588 | D:3      | Noticed an ogre
  2613 | D:3      | Slain by an ogre

Levels and vault maps discovered:
D:1:      sevenhm_arrival_forest_fort_large_2, layout_basic
D:2:      layout_loops_ring, lemuel_round_altar, grunt_ministairs_14,
          uniq_terence
D:3:      minmay_wonky_spiral, layout_basic, nicolae_tso_swordbearing_angel,
          nicolae_qazlal_eye_of_the_storm, kiku_gazebo_garden_becter,
          minmay_ogre_servants

Skill      XL: |  1  2  3  4 |
---------------+-------------+-----
Dodging        | 3 |  3.9
Long Blades    | 4 |  4.9
Stealth        | 2 |  2.3
Fighting       | |  3.6

Action                   |  1- 3 |  4- 6 || total
-------------------------+-------+-------++-------
Melee: Falchion          |    94 |   126 ||   220
       Tailslap          |    14 |    19 ||    33
Throw: Stone             |     2 |       ||     2
Invok: Lunge             |       |     9 ||     9
       Whirlwind         |       |     5 ||     5
  Use: Potion            |       |     3 ||     3
 Stab: Sleeping          |     4 |     3 ||     7
  Eat: Chunk             |     1 |     5 ||     6
Armor: Skin              |    35 |    29 ||    64
Dodge: Dodged            |    74 |    91 ||   165
       Rpst.: Falchion   |    23 |    27 ||    50

Table legend:
 A = Non-vault XP
 B = Vault XP
 C = Vault XP percentage of total XP
 D = Non-vault monster count
 E = Vault monster count
 F = Vault count percentage of total count
                 A         B        C        D         E       F
            +---------+---------+-------+---------+---------+-------
      Total |     238 |      53 |  18.2 |      55 |       9 |  14.1
            +---------+---------+-------+---------+---------+-------
        D:1 |      52 |       0 |   0.0 |      29 |       0 |   0.0
        D:2 |      52 |      42 |  44.7 |      10 |       3 |  23.1
        D:3 |     134 |      11 |   7.6 |      16 |       6 |  27.3
            +---------+---------+-------+---------+---------+-------
